Unix NetHack Version 5.0.0-0 post-release - last build Jul 19 2026 19:10:59 (3aa4ab31751d3886436d94b585a96704892fd477,branch:main).

Game began 2026-07-26 14:23:41, ended 2026-07-26 14:46:14.

IanCurtis, chaotic male elven Wizard

  -----
  |<..--                      -------                       ---------------
  |.....----                  |)..))|                       |.........%...|
  --..|....|.-                |.._..|                      --|---|--.----||
      --.....-                |...)+|     ---        ----  |..| ..|-.|.-..|
       .........|---  -----   ---|---     +.------   |..---|..|--.-..--|..|
        --.|....|..----...--    |.|       |...[..---+-.....-|--........--||
         -----..|....|.....|--- |[|       |.----...%....--..........[.....|
      ------  ..|..........|..---.--      |....|-.......-|..--------|--..--
      |.%..|  -....[.---...|.).....-----  |.|..||...{... ---|.?......!|..--
      |%...|  |........|...|...........-  |.|..|--......    |(.)...).?|...|
      ---|-- -----....-- ----..)---.....  |.|------....---  -----------...|
   ------.---...-|...-|..|..|-...|..---...|.--..|...|....|  ---- |.......--
   |..|-.........|..[.|..|..|--.....|-....|.....|..---...-- .((| |.-------
   |..-................|---|-----%.-|..........-|....|-..)-((.(| |.|...-.
  -----.....{.......-..@... @d[d)...|...G.......|-...|...-- .((| |.|...|
  |...............- ......------.)[.[.......--..|........|  ---- |.--|-------
  -+-----.........| |...|.|...(|  --.......-- --|...|....|--------.....|....|
        --..------- |...|.-.(.(|   ---...---    --..|...--......|...{..-..-||
         ----       --- --|(/.(|     -----       -----.....----[.......|..|(|
                          ------                     -------  ---------------
IanCurtis the Thaumaturge  St:11 Dx:15 Co:13 In:18 Wi:11 Ch:10  Chaotic
Dlvl:7  $:81 HP:0(41) Pw:28(72) AC:9  Xp:6 T:3243 

Latest messages:
 You miss NoPanic's ghost.
 NoPanic's ghost touches you!
 You miss NoPanic's ghost.
 You miss NoPanic's ghost.
 NoPanic's ghost touches you!
 You miss NoPanic's ghost.
 You swap places with the peaceful Woodland-elf.
 The manes hits!
 The manes hits again!
 The manes bites!
 You hear some noises.
 You destroy the manes!
 NoPanic's ghost touches you!
 The little dog misses the Woodland-elf.
 The little dog bites the Woodland-elf.
 The Woodland-elf is killed!
 You see here an iron skull cap.
 The dingo bites!
 In what direction? u
 The spell misses the dingo.
 The dingo bites!
 The dingo bites!
 In what direction? u
 The spell hits the dingo!
 The dingo bites!
 The little dog misses the dingo.
 The dingo bites!
 In what direction? u
 The spell misses the dingo.
 The dingo bites!
 The little dog misses the dingo.
 The little dog misses the dingo.
 In what direction? u
 The spell hits the dingo!
 You kill the dingo!
 In what direction? u
 The spell hits the wolf!
 The wolf bites!
 You see here an iron skull cap.
 In what direction? l
 You kill the wolf!
 The wolf suddenly seems weaker!
 You miss NoPanic's ghost.
 The wolf bites!
 What do you want to write with? [- ac-elnAFVY or ?*] -
 You write in the dust with your fingertip.
 What do you want to write in the dust here? Elbereth
 The wolf bites!
 You die...
 Do you want your possessions identified? [ynq] (y) q

Inventory:
 Coins    ('$')
  $ - 81 gold pieces
 Weapons  (')')
  Y - 7 poisoned +0 orcish arrows
  V - 2 blessed poisoned +0 darts
  A - the +0 Sting
  a - a blessed +1 quarterstaff (weapon in hands)
 Armor    ('[')
  X - a cursed -1 elven leather helm
  b - an uncursed +0 cloak of magic resistance (being worn)
 Comestibles  ('%')
  D - 3 uncursed food rations
  W - an uncursed tripe ration
  x - an uncursed lizard corpse
 Scrolls  ('?')
  v - a blessed scroll of blank paper
  u - 2 uncursed scrolls of blank paper
  C - 2 cursed scrolls of blank paper
  i - an uncursed scroll of create monster
  t - an uncursed scroll of destroy armor
  P - an uncursed scroll of enchant weapon
  s - an uncursed scroll of genocide
  H - an uncursed scroll of identify
  r - a cursed scroll of identify
  j - an uncursed scroll of light
  E - an uncursed scroll of scare monster
  k - 2 uncursed scrolls of teleportation
 Spellbooks  ('+')
  w - an uncursed spellbook of identify
 Potions  ('!')
  g - an uncursed potion of extra healing
  B - an uncursed potion of levitation
  Q - an uncursed potion of sickness
  f - an uncursed potion of water
  h - 2 uncursed potions of water
 Rings    ('=')
  e - an uncursed ring of fire resistance
  d - an uncursed +3 ring of gain constitution
  l - an uncursed ring of levitation
 Wands    ('/')
  F - a wand of make invisible (0:4)
  c - a wand of stasis (0:5)
 Tools    ('(')
  O - an uncursed bag of holding containing 1 item
  S - an empty uncursed sack
  p - an uncursed bugle
  o - an uncursed blindfold
  n - a magic marker (0:19)
  q - an uncursed oil lamp
  G - a blessed tallow candle
  K - a blessed wax candle
  I - 2 uncursed wax candles

Contents of the bag of holding:
  188 gold pieces

IanCurtis the Wizard's attributes:

Background:
 You were a Thaumaturge, a level 6 male elven Wizard.
 You were chaotic, on a mission for Anhur
 who was opposed by Ptah (lawful) and Thoth (neutral).
 You were right-handed.
 You were in the Gnomish Mines, on level 7.
 You entered the dungeon 3243 turns ago.
 You had 563 experience points, 77 more were needed to attain level 7.

Basics:
 You had 0 out of 41 hit points.
 You had 28 out of 72 energy points (spell power).
 Your armor class was 9.
 Your wallet contained 81 zorkmids, and
 you had 188 more stashed away in your pack.
 Autopickup was off.

Final Characteristics:
 Your strength was 11 (limit:18).
 Your dexterity was 15 (limit:18).
 Your constitution was 13 (limit:16).
 Your intelligence was 18 (limit:20).
 Your wisdom was 11 (limit:20).
 Your charisma was 10 (limit:18).

Final Status:
 You weren't hungry.
 You were unencumbered.
 You were wielding a quarterstaff.
 You had basic skill with quarterstaff and could have enhanced that.

Final Attributes:
 You were piously aligned.
 You were magic-protected.
 You were sleep resistant.
 You were telepathic.
 You had infravision.
 You were warded.
 You are dead.

Miscellaneous:
 You encountered 1 bones level.
 Total elapsed playing time was 22 minutes and 32 seconds.

Major events:
 Turn
    1: IanCurtis the chaotic male elven Wizard entered the dungeon
 1109: attained the rank of Conjurer (level 3)
 1131: chose an elven dagger to be named "Sting"
 1553: entered the Gnomish Mines
 2078: reached Mine Town
 2589: attained the rank of Thaumaturge (level 6)
 2742: found Sunsword in a shop
 3243: killed by a wolf

Spells:
 Name                 Level Category     Fail Retention
 force bolt             1   attack         0%   81%-90%
 drain life             2   attack         0%   81%-90%
 detect food            2   divination    31%  76%-100%
 remove curse           3   clerical      71%  76%-100%

Skills:
 Fighting Skills
   bare handed combat [Unskilled]
   riding             [Unskilled]
 Weapon Skills
   dagger             [Unskilled]
   knife              [Unskilled]
   axe                [Unskilled]
   short sword        [Unskilled]
   club               [Unskilled]
   mace               [Unskilled]
   quarterstaff       [Basic]
   polearms           [Unskilled]
   spear              [Unskilled]
   trident            [Unskilled]
   sling              [Unskilled]
   dart               [Unskilled]
   shuriken           [Unskilled]
 Spellcasting Skills
   attack spells      [Basic]
   healing spells     [Unskilled]
   divination spells  [Unskilled]
   enchantment spells [Basic]
   clerical spells    [Unskilled]
   escape spells      [Unskilled]
   matter spells      [Unskilled]

Voluntary challenges:
 Character rerolling was not enabled.
 You never genocided any monsters.
 You never polymorphed an object.
 You never changed form.
 You used no wishes.
Achievements:
 You entered a shop.
 You attained the rank of Conjurer.
 You entered the Gnomish Mines.
 You entered Minetown.
 You entered a temple.
 You attained the rank of Thaumaturge.

 The Dungeons of Doom: levels 1 to 4
    Level 1:
       A fountain.
    Level 2: "vault"
       A general store.
    Level 3: "vault"
    Level 4:
       A fountain.
       Stairs down to The Gnomish Mines.
 The Gnomish Mines: levels 5 to 7
    Level 5:
    Level 6:
    Level 7: "bones" <- You were here.
       Many shops, a temple and an altar to Anhur, many fountains.
       Final resting place for
          you, killed by a wolf,
          NoPanic-Wiz-Elf-Mal-Cha, killed by a giant mimic.


Vanquished creatures:
  a giant beetle
  2 wolves
  a leprechaun
 an iron piercer
  a lizard
  a dingo
  a human zombie
  a Woodland-elf
  2 Mordor orcs
  3 gnome leaders
  a paper golem
  a floating eye
  5 dwarves
  3 hill orcs
  a centipede
 an iguana
  3 coyotes
  3 hobbits
  2 manes
  4 giant rats
  a cave spider
 15 gnomes
  a gnome zombie
  4 jackals
  a fox
  a kobold
  a goblin
  2 grid bugs
  4 lichens
  a kobold zombie
  5 newts
74 creatures vanquished.

No species were genocided or became extinct.

Game over:
                       ----------
                      /          \
                     /    REST    \
                    /      IN      \
                   /     PEACE      \
                  /                  \
                  |    IanCurtis     |
                  |      269 Au      |
                  | killed by a wolf |
                  |                  |
                  |                  |
                  |                  |
                  |       2026       |
                 *|     *  *  *      | *
        _________)/\\_//(\/(/\)/\//\/|_)_______

Goodbye IanCurtis the Wizard...

You died in The Gnomish Mines on dungeon level 7 with 2795 points,
and 269 pieces of gold, after 3243 moves.
You were level 6 with a maximum of 41 hit points when you died.

